Map: Ghost River LE

Players

Vikingo

  • Race: Protoss Protoss
  • League: Gold
  • Spawn Location: 11:00

Music - Winner!

  • Race: Terran Terran
  • League: Gold
  • Spawn Location: 1:00

VOD

Have the link to the VOD?

Description

Time

  • Played on: July 30, 2024, 4:05 a.m.
  • Length: 24:11
Show
View Real Time Build Order
Export as new Build Order

Vikingo Protoss 

Build Orders: Cannon Rush 

Get SALT Encoding   

  12  0:01  Probe  
  13  0:18  Pylon  
  13  0:20  Probe (Chrono Boost)  
  14  0:32  Probe (Chrono Boost)  
  15  0:39  Forge  
  15  0:41  Probe  
  16  0:53  Probe, Pylon  
  17  1:05  Probe  
  18  1:15  Pylon  
  18  1:17  Probe  
  18  1:18  Pylon  
  19  1:23  Pylon  
  19  1:38  Photon Cannon  
  19  1:43  Photon Cannon  
  18  1:53  Photon Cannon  
  18  2:20  Pylon  
  18  2:29  Pylon  
  18  2:32  Pylon  
  18  2:39  Photon Cannon  
  18  2:47  Probe (Chrono Boost)  
  18  2:53  Photon Cannon  
  18  2:56  Photon Cannon  
  18  2:57  Probe (Chrono Boost)  
  18  3:05  Photon Cannon  
  14  3:21  Probe (Chrono Boost)  
  12  3:31  Probe (Chrono Boost)  
  12  3:36  Probe (Chrono Boost)  
  13  3:43  Gateway  
  13  3:47  Assimilator  
  11  4:04  Probe (Chrono Boost)  
  12  4:20  Pylon  
  12  4:24  Probe (Chrono Boost)  
  12  4:30  Zealot  
  15  4:51  Probe  
  16  4:55  Photon Cannon  
  16  5:03  Probe  
  17  5:12  Cybernetics Core  
  17  5:17  Probe (Chrono Boost)  
  19  5:29  Probe (Chrono Boost)  
  19  5:31  Zealot  
  19  5:34  Probe (Chrono Boost)  
  22  5:43  Probe  
  22  5:48  Warp Gate  
  23  5:55  Probe  
  24  6:07  Probe  
  24  6:08  Twilight Council  
  24  6:11  Assimilator  
  25  6:19  Probe (Chrono Boost)  
  26  6:27  Stalker  
  26  6:30  Probe (Chrono Boost)  
  29  6:35  Probe (Chrono Boost)  
  30  6:45  Charge (Chrono Boost)  
  30  6:46  Probe  
  31  6:54  Gateway  
  31  6:57  Gateway  
  31  7:05  Stalker  
  33  7:37  Gateway  
  33  7:40  Protoss Ground Weapons Level 1 (Chrono Boost)  
  33  7:50  Stalker  
  33  7:51  Stalker  
  37  7:54  Stalker  
  39  8:08  Gateway  
  39  8:15  Zealot x2  
  39  8:17  Zealot  
  45  8:34  Pylon  
  45  9:00  Photon Cannon  
  45  9:01  Photon Cannon  
  45  9:05  Photon Cannon  
  45  9:06  Photon Cannon  
  45  9:10  Pylon  
  35  9:51  Stargate  
  35  9:54  Stargate  
  35  9:56  Stargate  
  35  10:18  Nexus  
  35  10:29  Pylon  
  35  10:36  Photon Cannon  
  35  11:03  Void Ray (Chrono Boost)  
  43  11:37  Void Ray  
  43  11:54  Void Ray  
  47  11:58  Probe  
  48  12:03  Protoss Air Weapons Level 1 (Chrono Boost)  
  48  12:04  Probe  
  49  12:10  Probe  
  46  12:16  Probe  
  47  13:00  Void Ray x3  
  47  13:02  Probe (Chrono Boost)  
  48  13:10  Assimilator  
  49  13:14  Probe (Chrono Boost)  
  49  13:15  Pylon  
  49  13:18  Probe (Chrono Boost), Zealot  
  51  13:21  Zealot  
  54  13:27  Zealot  
  54  13:29  Probe  
  57  13:41  Probe  
  52  13:54  Fleet Beacon  
  52  14:02  Void Ray  
  56  14:13  Stalker x3  
  56  14:15  Stalker  
  64  14:20  Assimilator  
  64  14:24  Probe (Chrono Boost)  
  64  14:27  Flux Vanes  
  64  14:34  Probe (Chrono Boost)  
  65  14:45  Pylon  
  65  14:50  Pylon  
  65  14:55  Pylon  
  65  14:57  Pylon  
  65  15:02  Pylon  
  65  15:08  Pylon  
  69  15:27  Protoss Air Weapons Level 2 (Chrono Boost), Void Ray  
  69  15:39  Nexus  
  54  16:14  Probe (Chrono Boost)  
  63  16:23  Void Ray x2  
  63  16:24  Probe (Chrono Boost)  
  68  16:26  Void Ray  
  68  16:29  Probe (Chrono Boost)  
  65  16:45  Stalker x2  
  65  16:46  Stalker  
  75  17:23  Void Ray  
  75  17:24  Void Ray  
  57  18:27  Void Ray  
  57  18:38  Probe (Chrono Boost)  
  57  18:49  Probe (Chrono Boost)  
  57  18:53  Probe (Chrono Boost)  
  44  19:04  Probe  
  44  19:16  Probe (Chrono Boost)  
  46  19:22  Probe (Chrono Boost)  
  50  19:25  Void Ray  
  50  19:26  Probe (Chrono Boost)  
  51  19:31  Probe (Chrono Boost)  
  52  19:42  Probe  
  37  19:54  Probe  
  42  20:03  Void Ray  
  42  20:15  Probe (Chrono Boost)  
  43  20:25  Probe (Chrono Boost)  
  44  20:30  Probe (Chrono Boost)  
  45  20:41  Probe  
  46  20:53  Probe  
  59  21:19  Void Ray  
  59  21:20  Void Ray  
  59  21:21  Void Ray  
  51  22:44  Void Ray x2  
  51  22:45  Void Ray  
  22  23:51  Zealot x3  
  22  23:52  Zealot x2  
Show
View Real Time Build Order
Export as new Build Order

Music Terran - Winner!

Build Orders:  

Get SALT Encoding   

  12  0:00  SCV  
  13  0:12  SCV  
  14  0:24  Supply Depot  
  14  0:26  SCV  
  15  0:46  SCV  
  16  0:50  Refinery  
  16  0:52  Barracks  
  16  0:58  SCV  
  16  1:00  Refinery  
  17  1:10  SCV  
  18  1:22  SCV  
  20  1:43  Reaper  
  20  1:44  Barracks  
  20  1:46  Orbital Command  
  20  2:15  SCV  
  18  2:28  Reaper  
  15  3:00  Reaper  
  16  3:10  Orbital Command  
  15  3:45  Barracks Tech Lab  
  13  4:12  SCV  
  14  4:19  Refinery  
  14  4:24  SCV  
  14  4:28  Refinery  
  15  4:44  Supply Depot  
  15  4:55  Supply Depot  
  15  5:05  SCV  
  16  5:17  SCV  
  16  5:19  Factory, Command Center  
  17  5:29  SCV  
  18  5:41  SCV  
  19  5:51  Barracks Tech Lab  
  19  5:54  SCV  
  20  6:06  SCV  
  20  6:09  Supply Depot  
  21  6:12  Starport  
  21  6:18  SCV  
  22  6:30  SCV  
  23  6:33  Starport  
  23  6:34  Orbital Command  
  23  6:42  SCV  
  24  6:58  SCV  
  24  6:59  Fusion Core  
  24  7:00  SCV  
  26  7:13  SCV  
  27  7:16  SCV  
  27  7:20  Refinery  
  28  7:25  SCV  
  28  7:29  SCV  
  30  7:41  SCV  
  31  7:47  Command Center  
  31  7:52  Battlecruiser  
  31  7:53  SCV  
  31  7:56  Weapon Refit  
  38  8:02  Barracks Reactor, Factory Tech Lab  
  38  8:05  SCV  
  38  8:06  SCV  
  38  8:12  Refinery  
  40  8:18  SCV  
  41  8:28  SCV  
  41  8:30  SCV  
  41  8:32  Armory  
  43  8:35  Widow Mine  
  43  8:40  SCV  
  46  8:42  SCV  
  47  8:53  Marine x2  
  47  8:54  SCV  
  49  8:56  Siege Tank  
  52  9:02  Bunker  
  52  9:15  Supply Depot  
  52  9:22  Command Center  
  52  9:23  Terran Ship Weapons Level 1  
  42  9:53  Supply Depot  
  42  9:59  Command Center  
  40  10:14  Battlecruiser  
  40  10:15  Marine x2  
  40  10:16  SCV  
  40  10:17  Supply Depot  
  40  10:19  Supply Depot  
  49  10:22  Siege Tank  
  49  10:26  SCV  
  49  10:28  SCV  
  54  10:34  Starport  
  54  10:38  SCV, Battlecruiser  
  61  10:50  SCV  
  62  11:14  Refinery  
  62  11:15  Marine x2  
  62  11:18  Siege Tank, Battlecruiser  
  73  11:32  SCV  
  74  11:34  Marine x2  
  74  11:35  Terran Ship Weapons Level 2  
  76  11:40  Refinery  
  76  11:43  Starport Reactor  
  76  11:44  SCV  
  76  11:45  SCV  
  78  11:49  Orbital Command  
  78  11:52  Orbital Command  
  78  11:56  SCV  
  78  11:57  SCV  
  80  12:08  SCV  
  80  12:09  SCV  
  80  12:10  Siege Tank  
  85  12:21  SCV x2  
  81  12:31  SCV x2  
  81  12:33  SCV x2  
  85  12:43  SCV  
  85  12:44  SCV  
  81  12:45  SCV x2  
  83  12:55  SCV  
  83  12:56  SCV  
  83  12:57  SCV  
  80  13:09  SCV x2  
  80  13:12  Command Center  
  82  13:16  Medivac x2, Marine  
  82  13:17  Marine  
  88  13:21  SCV, Drilling Claws  
  88  13:24  Factory  
  88  13:25  Factory  
  89  13:27  Factory  
  89  13:32  Refinery  
  89  13:33  SCV  
  90  13:45  SCV, Battlecruiser  
  97  13:56  Marine  
  97  13:57  Marine  
  97  13:58  SCV  
  97  14:00  Terran Ship Weapons Level 3  
  100  14:12  Barracks x2  
  100  14:13  Barracks x2  
  100  14:14  Barracks  
  100  14:17  Factory Reactor  
  100  14:19  Factory Reactor  
  100  14:20  Factory Tech Lab  
  100  14:23  Marine  
  101  14:31  Orbital Command  
  101  14:32  Refinery  
  101  14:38  SCV  
  102  14:39  Infernal Pre-Igniter  
  102  14:47  Command Center  
  102  14:50  SCV  
  103  14:57  Refinery  
  105  15:00  Hellion x5  
  105  15:02  SCV  
  105  15:04  SCV  
  115  15:13  Command Center  
  115  15:16  Armory  
  115  15:17  Command Center  
  115  15:18  Barracks Reactor x2  
  115  15:19  Barracks Tech Lab, Barracks Reactor  
  115  15:29  Supply Depot  
  115  15:30  Supply Depot  
  115  15:32  Supply Depot, Barracks Reactor  
  115  15:33  Supply Depot  
  115  15:45  Supply Depot  
  115  15:47  Supply Depot  
  115  15:50  Marine x2, SCV x4, Hellion  
  115  15:51  Hellion  
  115  15:53  Siege Tank  
  115  15:54  Marine  
  115  15:56  Marauder, Marine x4  
  131  15:57  Supply Depot  
  131  16:02  Supply Depot  
  125  16:07  Orbital Command  
  125  16:08  Marine x2  
  125  16:11  Supply Depot  
  121  16:12  Combat Shield  
  121  16:17  Marauder  
  123  16:24  Engineering Bay  
  123  16:25  Siege Tank x2, Marine, Engineering Bay  
  129  16:26  Marine x9  
  143  16:34  Medivac  
  143  16:35  Medivac  
  143  16:37  Terran Vehicle Weapons Level 1  
  143  16:38  Marine  
  141  16:43  Marine  
  135  16:51  Planetary Fortress  
  123  17:04  Medivac  
  116  17:12  Orbital Command  
  116  17:13  Marine  
  116  17:14  Marine x9  
  116  17:15  Caduceus Reactor, Marauder  
  128  17:17  Liberator  
  134  17:24  SCV  
  135  17:31  Stimpack  
  135  17:34  Liberator  
  135  17:36  Marauder, SCV  
  130  17:48  SCV  
  117  17:57  Marauder, Factory  
  99  18:00  SCV, Liberator  
  99  18:02  Barracks  
  103  18:09  Refinery, SCV  
  103  18:10  SCV  
  103  18:11  Refinery  
  103  18:12  SCV  
  104  18:17  Medivac  
  104  18:19  Marauder  
  100  18:20  Barracks  
  100  18:21  SCV  
  100  18:22  Barracks, SCV  
  100  18:23  Barracks  
  100  18:24  Barracks  
  100  18:26  Marine  
  100  18:27  Barracks, Marine x7  
  101  18:29  Factory  
  101  18:31  Factory  
  101  18:33  Factory, SCV  
  107  18:35  SCV  
  107  18:39  SCV  
  107  18:40  Marauder  
  111  18:43  Medivac  
  111  18:44  Marine  
  111  18:45  Marine x2, SCV  
  111  18:47  Medivac, SCV  
  120  18:52  SCV  
  120  18:55  Barracks Tech Lab  
  121  18:57  SCV, Factory Tech Lab  
  121  18:59  SCV  
  121  19:00  Marine x5  
  121  19:02  Marauder, Marine x2  
  120  19:03  Marine, Ghost Academy  
  116  19:12  SCV  
  117  19:17  Marine  
  117  19:21  Starport  
  117  19:23  Barracks, Starport  
  120  19:24  SCV  
  120  19:25  Barracks  
  120  19:26  Factory, SCV  
  120  19:27  Factory  
  122  19:34  Command Center  
  122  19:36  SCV  
  120  19:38  Barracks, Supply Depot  
  120  19:39  Barracks, SCV  
  120  19:41  Barracks, Barracks Reactor x2  
  106  19:45  Barracks  
  106  19:46  Barracks x2  
  106  19:47  Ghost  
  106  19:48  SCV, Barracks Reactor  
  106  19:49  Barracks, Starport  
  106  19:50  Factory Tech Lab x2  
  103  19:54  Marine x2, Barracks Reactor  
  103  19:55  Marine x2  
  109  20:04  SCV  
  110  20:11  Starport  
  110  20:12  Engineering Bay  
  112  20:16  Ghost, SCV  
  112  20:17  Engineering Bay  
  112  20:20  Barracks Reactor  
  109  20:23  Factory Tech Lab  
  109  20:25  Starport Reactor x2  
  109  20:26  Factory Tech Lab  
  109  20:28  SCV  
  108  20:30  Barracks Reactor  
  108  20:32  Factory Reactor  
  108  20:34  Orbital Command  
  109  20:35  SCV  
  109  20:36  Barracks Reactor  
  109  20:43  Missile Turret  
  109  20:45  Missile Turret  
  109  20:46  Missile Turret  
  109  20:47  SCV  
  109  20:49  Sensor Tower  
  102  20:59  SCV  
  103  21:05  Fusion Core  
  103  21:12  SCV  
  103  21:17  Refinery, Viking x4  
  112  21:18  Refinery  
  112  21:20  Cyclone  
  112  21:24  SCV  
  112  21:25  Hurricane Engines  
  115  21:26  Marine x2  
  115  21:27  Marine x2  
  115  21:30  Orbital Command  
  115  21:32  Factory Tech Lab  
  119  21:43  Missile Turret x2  
  119  21:44  Missile Turret, Marine x2  
  119  21:45  Marine x2  
  119  21:46  Viking  
  125  21:47  Viking x3  
  131  21:57  Missile Turret  
  131  22:01  Missile Turret, Marine  
  124  22:02  Missile Turret x3, Marine  
  124  22:03  Marine x2  
  124  22:05  Missile Turret  
  122  22:09  Missile Turret  
  122  22:11  Missile Turret  
  122  22:12  Missile Turret, Marine x9  
  122  22:13  Missile Turret, Marine  
  122  22:14  Siege Tank  
  122  22:15  Cyclone  
  131  22:16  Cyclone x2, Viking  
  131  22:17  Viking x3  
  131  22:18  Orbital Command  
  131  22:19  Marine  
  131  22:20  Marine  
  131  22:21  Marine x2  
  137  22:36  Armory  
  133  22:37  Marine  
  133  22:38  Marine  
  135  22:46  Viking  
  135  22:47  Cyclone x2, Viking x3  
  135  22:48  Cyclone x2, SCV, Barracks Reactor  
  150  23:00  SCV  
  150  23:02  Barracks Tech Lab, Barracks Reactor  
  150  23:03  Starport Reactor  
  150  23:04  Starport Reactor  
  150  23:05  Marine  
  141  23:06  Marine x6  
  141  23:07  Command Center  
  141  23:08  SCV  
  141  23:11  Command Center  
  144  23:16  Viking  
  144  23:17  Viking  
  144  23:19  Cyclone x2  
  152  23:20  Cyclone x2  
  152  23:21  Marine x2  
  152  23:23  Cyclone  
  152  23:24  Cyclone x2  
  160  23:30  Missile Turret, Sensor Tower  
  160  23:31  Missile Turret  
  158  23:40  Marine x3  
  158  23:41  Marine x3  
  160  23:45  Marauder  
  162  23:51  Missile Turret  
  162  24:06  Engineering Bay  
Tags
 
Add a new tag
Caveats
  • Supply blocks, unpowered buildings, or Contaminate may cause inaccurate times.
  • Supply counts are checked every 10 seconds.